 Dungeon Crawl Stone Soup version 0.23-a0-242-g2b5ca64 (webtiles) character file.

670 Amnesiac the Changer (level 7, 0/52 HPs)
             Began as a Demigod Transmuter on Sept 28, 2018.
             Shot with an arrow by a centaur (3 damage)
             ... on level 5 of the Dungeon.
             The game lasted 00:07:58 (3604 turns).

Amnesiac the Changer (Demigod Transmuter)           Turns: 3604, Time: 00:07:59

Health: 0/52       AC:  2    Str: 17    XL:     7   Next: 10%
Magic:  13/16      EV: 20    Int: 17    God:
Gold:   139        SH:  0    Dex: 21    Spells: 8/14 levels left

rFire    . . .     SeeInvis .     - Unarmed
rCold    . . .     Gourm    .   (shield currently unavailable)
rNeg     . . .     Faith    .   (armour currently unavailable)
rPois    x         Spirit   .   (helmet currently unavailable)
rElec    .         Reflect  .   (cloak currently unavailable)
rCorr    .         Harm     .   (gloves currently unavailable)
MR       .....                  (boots currently unavailable)
Stlth    +++.......             j - amulet of magic regeneration
HPRegen  0.17/turn              f - ring of stealth
MPRegen  0.40/turn              (no ring)

@: spider-form, very slightly contaminated
A: tiny, high mp 1
a: End Transformation


You were on level 5 of the Dungeon.
You were hungry.
You were a venomous arachnid creature.
You visited 1 branch of the dungeon, and saw 6 of its levels.

You collected 139 gold pieces.

Inventory:

Missiles
 a - 34 arrows
Armour
 b - a +0 plate armour
 c - a +0 ring mail
 e - a +0 chain mail
 l - a +0 robe of cold resistance (melded)
 n - a +0 helmet (melded)
Jewellery
 f - a ring of stealth (left front leg)
 j - an amulet of magic regeneration (around neck)
Wands
 u - a wand of polymorph (6)
Scrolls
 g - 4 scrolls of remove curse {!r}
 m - 4 scrolls of teleportation {!r}
 s - a scroll of enchant armour {!r}
Potions
 i - 2 potions of curing {!q, unknown}
 k - 2 potions of heal wounds {!q, unknown}
 o - 2 potions of haste {!q}
 r - 2 potions of ambrosia {!q}
 t - a potion of invisibility {!q, unknown}
Comestibles
 d - 7 rations
 h - a chunk of flesh


   Skills:
 - Level 1.0 Fighting
 - Level 2.0 Dodging
 - Level 3.0 Unarmed Combat
 - Level 4.0 Spellcasting
 * Level 6.1 Transmutations


You had 8 spell levels left.
You knew the following spells:

 Your Spells              Type           Power        Failure   Level  Hunger
c - Beastly Appendage     Tmut           ###...       6%          1    None
e - Spider Form           Tmut/Pois      ##........   30%         3    ###....
s - Sticks to Snakes      Tmut           ###.....     8%          2    ##.....

Your spell library contained the following spells:

 Spells                   Type           Power        Failure   Level  Hunger
 Blade Hands              Tmut           ###.......   56%         5    ######.
 Ice Form                 Ice/Tmut       ##......     63%         4    ####...


Dungeon Overview and Level Annotations

Branches:
Dungeon (6/15)
 Temple: D:4-7


Innate Abilities, Weirdness & Mutations

You have an increased reservoir of magic. (+10% MP)


Message History

The howler monkey barely misses you.
You hit the howler monkey but do no damage.
The howler monkey is heavily wounded.
The howler monkey closely misses you.
You barely miss the howler monkey.
The howler monkey is heavily wounded.
The howler monkey hits you.
You hit the howler monkey.
The howler monkey is severely wounded.
The howler monkey hits you.
You hit the howler monkey but do no damage.
The howler monkey is severely wounded.
The howler monkey hoots and howls with incredible vigour!
You hear a shout! x7
You hit the howler monkey.
The howler monkey is almost dead.
The howler monkey hits you! The howler monkey closely misses you.
You closely miss the howler monkey.
The howler monkey is almost dead.
The howler monkey barely misses you.
You barely miss the howler monkey.
The howler monkey is almost dead.
The howler monkey closely misses you.
You closely miss the howler monkey.
The howler monkey is almost dead.
The howler monkey closely misses you.
You hit the howler monkey.
The howler monkey is almost dead.
The howler monkey hits you.
You are feeling hungry.
You hit the howler monkey.
You kill the howler monkey!
No target in view!
You see here a howler monkey corpse.
You butcher the howler monkey corpse.
A centaur comes into view.
Things that are here:
2 chunks of flesh; a howler monkey skeleton An orc comes into view.
It is wielding a hand axe.
An orc wizard comes into view. It is wielding a dagger.
You see here a jackal corpse.
You butcher the jackal corpse.
An orc comes into view. It is wielding a whip.
You see here 2 chunks of flesh.
The centaur shouts!
The centaur wields a glowing shortbow.
The centaur shoots an arrow.
The arrow hits you!
* * * LOW HITPOINT WARNING * * *
x2
Things that are here:
an arrow; a jackal corpse You butcher the jackal corpse.
The centaur shoots an arrow.
The arrow hits you!
* * * LOW HITPOINT WARNING * * *
x2 The orc wizard casts a spell.
The orc wizard flickers and vanishes!
Deactivating autopickup; reactivate with Ctrl-A.
Things that are here:
2 arrows; 3 chunks of flesh
Casting: Spider Form (safe; 13% risk of failure)
Confirm with . or Enter, or press ? or * to list all spells.
You turn into a venomous arachnid creature.
You feel less resistant to cold.
The centaur shoots an arrow.
The arrow barely misses you.
The centaur shoots an arrow.
The arrow hits you!
* * * LOW HITPOINT WARNING * * *
You die...

#...... #... #...... #...
#......##.>. #......#....
###### #......#.... #....#
#......#....
#####....######......#...#
...........c............).
....o...os................
...#..%.###########.#.#.#
.........'......# #.#.#.#
.........#......# ##+#.#.#
.<...#####..(...# #......#
..... #......###....###
.... ###.......##....'.)
##+ ...........##....###
...........#.......#


You could see a centaur and 2 orcs.

Vanquished Creatures
  Menkaure (D:5)
  An ogre (D:5)
  A scorpion (D:5)
  A howler monkey (D:5)
  A bullfrog skeleton (D:5)
  2 hounds
  Jessica (D:3)
  Natasha (thrice) (D:2)
  Terence (D:2)
  A worker ant (D:5)
  9 adders
  2 worms
  A dart slug (D:2)
  5 leopard geckos
  An orc (D:3)
  2 ball pythons
  4 giant cockroaches (D:2)
  9 goblins
  4 hobgoblins
  3 jackals (D:5)
  2 kobolds (D:1)
  2 quokkas
  7 bats
  4 frilled lizards
  A quokka skeleton (D:6)
  3 rats
72 creatures vanquished.

Notes
Turn   | Place    | Note
-------+----------+-------------------------------------------
     0 | D:1      | Amnesiac the Demigod Transmuter began the quest for the
                  | Orb.
     0 | D:1      | Reached XP level 1. HP: 15/15 MP: 5/5
    90 | D:1      | Reached skill level 1 in Fighting
   128 | D:1      | Reached skill level 2 in Transmutations
   312 | D:1      | Reached XP level 2. HP: 23/23 MP: 5/7
   316 | D:1      | Learned a level 2 spell: Sticks to Snakes
  1077 | D:2      | Reached XP level 3. HP: 11/28 MP: 6/8
  1082 | D:2      | Learned a level 3 spell: Spider Form
  1255 | D:2      | Found a stormy altar of Qazlal.
  1256 | D:2      | Noticed an air elemental
  1258 | D:2      | Noticed an earth elemental
  1261 | D:2      | Noticed Natasha
  1271 | D:2      | Killed Natasha
  1271 | D:2      | Reached skill level 3 in Transmutations
  1542 | D:2      | Noticed Terence
  1549 | D:2      | Killed Terence
  1549 | D:2      | Reached XP level 4. HP: 30/35 MP: 3/10
  1640 | D:2      | Noticed Natasha
  1905 | D:2      | Found a deep blue altar of Sif Muna.
  1939 | D:2      | Found a faded altar of an unknown god.
  2084 | D:2      | Noticed a fire elemental
  2097 | D:2      | Noticed a water elemental
  2100 | D:2      | Killed Natasha
  2241 | D:2      | Noticed Natasha
  2255 | D:2      | Killed Natasha
  2255 | D:2      | Reached skill level 4 in Transmutations
  2255 | D:2      | Reached XP level 5. HP: 24/40 MP: 8/12
  2547 | D:3      | Noticed Jessica
  2551 | D:3      | Killed Jessica
  2707 | D:4      | Found a hide-covered altar of Uskayaw.
  2968 | D:4      | You fall through a shaft for 2 floors!
  3027 | D:5      | Entered Level 5 of the Dungeon
  3027 | D:5      | Noticed an ogre
  3040 | D:5      | Killed an ogre
  3040 | D:5      | Reached skill level 5 in Transmutations
  3040 | D:5      | Reached XP level 6. HP: 47/47 MP: 12/14
  3079 | D:5      | Noticed Menkaure
  3097 | D:5      | Killed Menkaure
  3379 | D:5      | Found a shattered altar of Ashenzari.
  3555 | D:5      | Found a hazy altar of Hepliaklqana.
  3565 | D:5      | Reached skill level 6 in Transmutations
  3565 | D:5      | Reached XP level 7. HP: 45/52 MP: 16/16
  3604 | D:5      | Shot with an arrow by a centaur

Vault maps used:
D:1:      ncdulo_wetmaze
D:2:      nicolae_qazlal_style_of_elements, lemuel_blue_sif_altar, first_ration,
          chequers_ecumenical_altar_island, uniq_terence, uniq_natasha
D:3:      uniq_jessica
D:4:      lemuel_crystal_altar, enter_ossuary_4, kennysheep_generic_room_9
D:5:      ashenzari_altar_1, kennysheep_mini, uniq_menkaure
D:6:      lemuel_round_altar, trog_ov_bears_minmay, vehumet_crystals,
          serial_shops, shop_statue, uniq_blork_the_orc

Skill      XL: |  1  2  3  4  5  6 |
---------------+-------------------+-----
Fighting       | 1 |  1.0
Transmutations | 2 3 4 5 6 |  6.1
Dodging        | 2 |  2.0
Spellcasting   | 2 3 4 |  4.0
Unarmed Combat | 3 |  3.0

Action                   |  1- 3 |  4- 6 |  7- 9 || total
-------------------------+-------+-------+-------++-------
Melee: Unarmed           |   103 |   107 |    20 ||   230
       Kick              |    16 |       |       ||    16
       Headbutt          |     5 |       |       ||     5
       Punch             |     2 |       |       ||     2
 Cast: Beastly Appendage |    15 |       |       ||    15
       Spider Form       |     5 |    22 |     1 ||    28
  Use: Scroll            |       |     9 |       ||     9
 Stab: Sleeping          |       |     1 |     1 ||     2
  Eat: Chunk             |     3 |     9 |       ||    12
Armor: Robe              |    23 |       |       ||    23
       Skin              |     2 |     6 |       ||     8
Dodge: Dodged            |    99 |    79 |    12 ||   190

Table legend:
 A = Non-vault XP
 B = Vault XP
 C = Vault XP percentage of total XP
 D = Non-vault monster count
 E = Vault monster count
 F = Vault count percentage of total count
                 A         B        C        D         E       F
            +---------+---------+-------+---------+---------+-------
      Total |     679 |     279 |  29.1 |      68 |       4 |   5.6
            +---------+---------+-------+---------+---------+-------
        D:1 |      23 |       0 |   0.0 |      14 |       0 |   0.0
        D:2 |     150 |      73 |  32.7 |      27 |       2 |   6.9
        D:3 |      71 |      37 |  34.3 |      11 |       1 |   8.3
        D:4 |      43 |       0 |   0.0 |       2 |       0 |   0.0
        D:5 |     344 |     169 |  32.9 |      10 |       1 |   9.1
        D:6 |      48 |       0 |   0.0 |       4 |       0 |   0.0
            +---------+---------+-------+---------+---------+-------
